cohdb
Replays
Latest Replays
All Replays
Popular Replays
Top Player Replays
Match Explorer
How It Works
Community
CoH3 Stats
Reddit
Sign in to upload your games and track your stats! →
Sign in with Steam
Match 39755539
Unlisted
Match 39755539
Overview
Messages
Build Orders
End
Kettenkrad Recon Vehicle
Selects Luftwaffe Battlegroup
Selects Luftwaffe Pioneer Support
Fallschirmpioneer Squad Paradrop
Fallschirmpioneer Squad Paradrop
Construct Infanterie Kompanie
MG 42 Machine Gun Team
Construct Panzergrenadier Kompanie
251 Medium Carrier
Pak 40 Anti-tank Gun Team
Selects Stuka Strafing Run
Selects Fallschirmjäger Squad Paradrop
Panzergrenadier Squad
Construct Luftwaffe Kompanie
Support Elements
Kettenkrad Recon Vehicle
Wirbelwind Flakpanzer
Medical Bunker
Stuka Strafing Run
Wirbelwind Flakpanzer
CallSignStrider
sharpshooter
TheMonkeyInChargeOfBananas
TheSlothInChargeOfEconomy
0
0
Comments
sign in to comment!
No comments posted yet!